Map: Orbital Shipyard

Players

oreonline - Winner!

  • Race: Terran Terran
  • League: Gold

capac

  • Race: Terran Terran
  • League: Gold

VOD

Have the link to the VOD?

Description

Time

  • Played on: Feb. 26, 2016, 3:41 p.m.
  • Length: 24:08
Show
View Real Time Build Order
Export as new Build Order

oreonline Terran - Winner!

Build Orders: Liberator Opening, Mech 

Get SALT Encoding   

  12  0:03  SCV  
  13  0:15  SCV  
  14  0:26  Supply Depot  
  14  0:27  SCV  
  15  0:47  SCV  
  16  0:51  Barracks  
  16  0:59  Refinery, SCV  
  17  1:11  SCV  
  18  1:23  SCV  
  19  1:34  Command Center  
  19  1:36  SCV  
  20  1:42  Refinery  
  20  1:43  Marine  
  21  1:48  SCV  
  22  2:00  SCV  
  23  2:02  Refinery  
  23  2:04  Supply Depot  
  23  2:16  Factory  
  23  2:23  Bunker  
  23  2:26  SCV  
  24  2:42  Engineering Bay  
  24  2:46  SCV  
  25  3:01  Bunker  
  25  3:05  Barracks Tech Lab, SCV x2  
  27  3:20  SCV  
  27  3:23  Orbital Command  
  28  3:30  Starport  
  28  3:34  SCV  
  29  3:42  Missile Turret  
  29  3:45  Marine  
  30  3:51  Siege Tank  
  33  3:57  Liberator  
  33  4:00  SCV  
  34  4:09  SCV  
  35  4:10  Marine  
  39  4:25  SCV  
  39  4:26  SCV  
  41  4:31  Missile Turret  
  41  4:33  Missile Turret  
  41  4:35  Missile Turret  
  42  4:40  Liberator  
  42  4:43  Command Center  
  41  4:46  SCV  
  41  4:48  SCV  
  43  4:54  Starport  
  46  5:06  Missile Turret  
  46  5:11  Supply Depot  
  46  5:13  Supply Depot  
  46  5:32  SCV  
  47  6:00  Missile Turret  
  47  6:01  Command Center  
  47  6:03  Refinery  
  47  6:07  Liberator, Missile Turret  
  47  6:12  Missile Turret  
  42  6:24  Command Center  
  44  6:29  Siege Tank  
  44  6:31  Marine  
  48  6:46  Factory  
  48  6:48  Orbital Command  
  48  6:49  Factory x2, Marine  
  49  6:55  Starport Tech Lab  
  49  7:01  Planetary Fortress  
  49  7:06  Marine  
  47  7:19  Refinery  
  47  7:20  Refinery, Missile Turret  
  47  7:24  Marine, SCV x2  
  47  7:27  Missile Turret  
  50  7:36  SCV, Missile Turret  
  51  7:54  Factory Tech Lab, Factory Reactor x2  
  51  8:06  Armory  
  51  8:09  Orbital Command  
  51  8:12  SCV  
  52  8:16  Missile Turret  
  52  8:17  Planetary Fortress  
  52  8:19  SCV  
  53  8:24  SCV  
  54  8:31  SCV  
  55  8:38  SCV  
  56  8:41  Command Center  
  56  8:42  Missile Turret  
  56  8:45  Banshee  
  56  8:47  Widow Mine  
  61  9:02  Supply Depot, Armory  
  61  9:04  Missile Turret  
  61  9:05  Terran Vehicle And Ship Armor Level 1  
  61  9:06  Refinery x2  
  61  9:08  Drilling Claws  
  61  9:19  SCV x3  
  61  9:20  SCV  
  65  9:26  Missile Turret x2  
  65  9:28  Starport Tech Lab  
  65  9:33  Raven  
  67  9:38  Liberator  
  67  9:41  SCV x2  
  67  9:42  SCV x2  
  71  9:53  SCV  
  71  9:54  SCV x3  
  78  10:05  SCV  
  79  10:09  Orbital Command  
  79  10:11  Refinery  
  79  10:13  Refinery  
  79  10:15  Missile Turret  
  79  10:16  Missile Turret  
  79  10:19  SCV x2  
  79  10:20  SCV  
  79  10:21  SCV  
  83  10:33  Medivac  
  83  10:34  SCV x2  
  83  10:35  SCV x3  
  90  10:36  Missile Turret  
  90  10:38  Missile Turret  
  90  10:43  Command Center  
  90  10:46  SCV  
  90  10:47  SCV x3  
  94  10:53  SCV  
  95  10:57  Widow Mine x3  
  95  10:58  Widow Mine x3  
  107  11:06  Missile Turret  
  107  11:07  SCV x2  
  107  11:08  SCV x2  
  111  11:12  Terran Ship Weapons Level 1  
  111  11:21  Missile Turret x2  
  111  11:26  Widow Mine  
  111  11:28  Building Armor, Missile Turret  
  111  11:30  Widow Mine  
  115  11:42  Widow Mine x2, SCV x3  
  115  11:43  Supply Depot, SCV  
  123  11:54  Widow Mine, SCV  
  123  11:55  SCV x3  
  129  12:06  Supply Depot  
  117  12:21  Command Center  
  117  12:22  Missile Turret  
  115  12:24  Missile Turret  
  105  12:38  Orbital Command  
  103  13:03  Banshee  
  106  13:08  Hi-Sec Auto Tracking  
  106  13:10  Planetary Fortress  
  106  13:17  Missile Turret  
  106  13:23  Missile Turret  
  106  13:25  Missile Turret  
  106  13:26  Missile Turret  
  106  13:27  Missile Turret x2  
  106  13:31  SCV x3  
  109  13:35  SCV x2  
  109  13:37  Missile Turret  
  109  13:39  Planetary Fortress  
  111  13:43  SCV x3  
  111  13:47  SCV x2  
  116  13:54  Missile Turret  
  116  13:55  SCV x3  
  117  13:56  SCV, Missile Turret, Command Center  
  117  13:59  SCV x2  
  122  14:05  Terran Vehicle Weapons Level 1, Neosteel Frame  
  122  14:07  Armory, SCV x2  
  122  14:08  SCV  
  125  14:10  SCV  
  125  14:11  SCV x2  
  125  14:14  Missile Turret  
  128  14:17  Missile Turret  
  128  14:19  SCV  
  129  14:25  Missile Turret  
  129  14:27  Command Center  
  129  14:29  Missile Turret, SCV  
  129  14:30  Command Center  
  130  14:32  Refinery x3, Missile Turret  
  130  14:33  Refinery  
  130  14:35  Refinery  
  130  14:39  SCV x2  
  130  14:40  SCV  
  130  14:41  Missile Turret  
  130  14:44  Raven  
  135  14:49  Siege Tank, Command Center  
  135  14:52  Missile Turret  
  138  14:54  Factory  
  138  14:55  Missile Turret  
  138  14:56  Factory  
  138  15:00  Missile Turret  
  138  15:07  Factory  
  138  15:10  Factory  
  138  15:11  Missile Turret  
  138  15:13  Factory  
  138  15:15  Missile Turret  
  138  15:16  Factory  
  138  15:20  Missile Turret  
  138  15:21  SCV x2  
  138  15:22  Siege Tank, SCV x5  
  148  15:30  Command Center  
  148  15:33  Infernal Pre-Igniter, Missile Turret, Command Center  
  148  15:35  Missile Turret  
  148  15:36  Orbital Command  
  148  15:37  SCV x5  
  148  15:42  Missile Turret, Planetary Fortress  
  153  15:45  Missile Turret, Planetary Fortress  
  153  15:51  Command Center  
  153  15:52  Missile Turret  
  153  15:54  Factory Tech Lab x2, Siege Tank  
  156  16:02  SCV  
  156  16:04  Factory Tech Lab  
  147  16:26  Siege Tank  
  147  16:31  SCV x3  
  153  16:35  Viking  
  155  16:40  Missile Turret  
  155  16:42  Missile Turret x3  
  155  16:43  Missile Turret  
  153  16:51  Widow Mine, SCV x3  
  153  16:52  Widow Mine x3  
  166  16:58  Siege Tank  
  166  17:00  Missile Turret  
  167  17:05  Viking, Planetary Fortress  
  167  17:08  Orbital Command  
  169  17:10  Factory Tech Lab  
  169  17:15  Factory Tech Lab  
  169  17:19  Missile Turret x2  
  169  17:20  Widow Mine x4  
  169  17:21  SCV x5  
  181  17:29  Widow Mine  
  181  17:31  Supply Depot  
  181  17:32  Supply Depot  
  183  17:40  Missile Turret  
  183  17:48  Widow Mine  
  183  17:49  Widow Mine, Siege Tank x2  
  193  17:54  Banshee, Missile Turret  
  193  17:55  Missile Turret  
  196  17:58  Siege Tank  
  196  18:00  Missile Turret  
  196  18:01  Command Center  
  199  18:06  Starport  
  199  18:09  Starport  
  199  18:11  Starport  
  199  18:15  Missile Turret  
  199  18:16  Refinery  
  199  18:20  Missile Turret  
  199  18:30  Command Center  
  199  18:31  Command Center  
  199  18:32  Command Center  
  199  18:34  Command Center  
  185  19:04  Missile Turret  
  185  19:07  Widow Mine x2, Command Center  
  185  19:08  Raven  
  185  19:09  Widow Mine x4  
  193  19:10  Missile Turret  
  190  19:24  Starport Tech Lab x3  
  190  19:30  Missile Turret  
  185  19:32  Missile Turret  
  185  19:35  Widow Mine  
  185  19:37  Widow Mine  
  185  19:38  Widow Mine x3  
  195  19:42  Missile Turret  
  195  19:44  Missile Turret  
  195  19:45  Missile Turret  
  189  19:50  Missile Turret  
  189  19:51  Raven  
  190  19:54  Missile Turret x2  
  188  20:04  Widow Mine  
  188  20:05  Missile Turret, Command Center x2  
  188  20:06  Widow Mine x2, Missile Turret  
  182  20:07  Missile Turret  
  182  20:08  Missile Turret x2  
  182  20:09  Command Center  
  182  20:10  Missile Turret  
  182  20:11  Missile Turret x2  
  176  20:16  Missile Turret  
  176  20:17  Missile Turret  
  176  20:18  Widow Mine x2  
  170  20:21  Command Center  
  170  20:22  Command Center  
  166  20:28  Command Center  
  166  20:30  Missile Turret  
  166  20:31  Missile Turret x3  
  166  20:32  Widow Mine, Raven x3  
  166  20:34  Raven  
  166  20:35  Widow Mine x2  
  176  20:36  Refinery  
  176  20:40  Missile Turret  
  176  20:41  Missile Turret  
  176  20:42  Missile Turret  
  174  20:43  Missile Turret  
  174  20:44  Planetary Fortress  
  174  20:45  Missile Turret x2  
  174  20:46  Widow Mine x2  
  178  21:01  Widow Mine  
  178  21:03  Widow Mine x2  
  182  21:15  Widow Mine x2, Raven  
  182  21:17  Raven  
  182  21:29  Widow Mine  
  182  21:32  Widow Mine x2  
  188  21:39  Missile Turret  
  188  21:40  Planetary Fortress  
  188  21:42  Refinery, Missile Turret  
  188  21:43  Widow Mine x2, Refinery  
  188  21:45  Missile Turret  
  192  21:58  Orbital Command  
  192  22:00  Missile Turret  
  192  22:01  Siege Tank x2  
  198  22:03  Missile Turret  
  198  22:06  Planetary Fortress  
  198  22:07  Missile Turret  
  198  22:09  Orbital Command  
  198  22:10  Planetary Fortress  
  198  22:14  Planetary Fortress  
  198  22:16  Orbital Command  
  198  22:17  Planetary Fortress  
  198  22:21  Refinery  
  198  22:25  Missile Turret  
  198  22:31  Missile Turret  
  198  22:41  Refinery  
  198  22:50  Planetary Fortress  
  198  22:52  Missile Turret x2  
  198  22:57  Missile Turret  
  198  22:58  Refinery  
  198  22:59  Missile Turret  
  198  23:01  Missile Turret, Planetary Fortress  
  198  23:02  Missile Turret  
  198  23:06  Refinery, Missile Turret x2  
  198  23:10  Missile Turret  
  198  23:13  Refinery  
  198  23:14  Refinery  
  198  23:16  Missile Turret x2  
  198  23:17  Planetary Fortress  
  198  23:18  Missile Turret  
  198  23:19  Missile Turret x3  
  198  23:20  Missile Turret x4  
  198  23:21  Missile Turret x3  
  198  23:22  Missile Turret  
  198  23:23  Missile Turret x4  
  198  23:24  Command Center  
  198  23:25  Missile Turret  
  198  23:26  Refinery, Missile Turret  
  198  23:27  Missile Turret x3  
  198  23:28  Missile Turret  
  198  23:29  Missile Turret  
  198  23:32  Refinery  
Show
View Real Time Build Order
Export as new Build Order

capac Terran 

Build Orders: MMM Bio 

Get SALT Encoding   

  12  0:01  SCV  
  13  0:15  SCV  
  13  0:18  Supply Depot  
  14  0:27  SCV  
  15  0:40  SCV  
  16  0:43  Barracks  
  16  0:47  Refinery  
  16  0:54  SCV  
  17  1:06  SCV  
  18  1:19  SCV  
  19  1:31  SCV  
  20  1:32  Barracks Reactor  
  20  1:38  Command Center  
  20  1:46  Supply Depot  
  20  1:51  Orbital Command  
  20  2:10  Marine x2  
  20  2:14  Barracks  
  22  2:23  Factory  
  22  2:27  Refinery  
  22  2:30  Marine  
  22  2:36  Marine  
  24  2:38  SCV  
  25  2:47  Marine  
  26  2:53  Orbital Command  
  26  2:54  Marine  
  26  2:58  SCV  
  28  3:04  Barracks Tech Lab  
  28  3:08  Marine  
  28  3:12  Marine  
  30  3:14  SCV  
  30  3:18  Factory Reactor  
  31  3:22  Starport  
  31  3:24  SCV  
  32  3:29  SCV  
  32  3:30  Marine  
  32  3:31  Marine  
  35  3:36  Stimpack  
  35  3:38  Marine  
  35  3:40  SCV  
  37  3:42  SCV  
  38  3:50  Marine x2  
  40  3:58  SCV  
  40  3:59  Marine, SCV  
  43  4:06  Engineering Bay  
  43  4:08  Medivac  
  45  4:11  SCV  
  45  4:16  Supply Depot  
  46  4:25  Marine x3, SCV, Medivac  
  46  4:28  Factory Tech Lab  
  52  4:40  Barracks  
  52  4:46  Marine x2  
  52  4:47  Marine  
  52  4:48  Siege Tank  
  52  4:50  SCV x2  
  60  5:08  Marine x2  
  62  5:15  Supply Depot  
  62  5:17  Marine  
  62  5:18  SCV x2  
  65  5:30  Viking  
  65  5:32  Viking  
  64  5:42  Missile Turret  
  64  5:44  Missile Turret  
  63  5:56  Marine  
  63  5:57  Marine  
  51  6:21  Marine x3  
  54  6:39  Marine x3  
  55  6:57  Marine  
  56  7:09  Marine x2, Siege Tank  
  56  7:15  Marine  
  60  7:27  Marine  
  59  7:34  SCV x2  
  61  7:41  Siege Tank  
  61  7:52  SCV x2  
  61  7:53  Refinery  
  61  7:55  Refinery  
  63  7:58  Marine x2  
  63  7:59  Marine  
  63  8:05  Barracks Reactor  
  66  8:07  Barracks, Combat Shields  
  66  8:08  Barracks  
  66  8:22  SCV  
  66  8:23  SCV  
  68  8:34  Terran Infantry Weapons Level 1, Medivac  
  70  8:42  Marine  
  70  8:43  Marine x3  
  74  8:54  Supply Depot  
  74  8:56  Supply Depot  
  74  8:57  Barracks Reactor x2  
  74  8:58  Starport  
  74  9:09  Command Center  
  74  9:10  Medivac x2  
  74  9:16  SCV x2  
  80  9:19  Supply Depot  
  80  9:23  Supply Depot  
  80  9:28  Marine x5  
  85  9:36  Starport Reactor  
  85  9:50  Medivac x2  
  89  9:54  Marine x3  
  89  9:55  Marine x3  
  95  10:00  Supply Depot  
  95  10:02  SCV  
  95  10:05  SCV  
  97  10:14  Medivac x2  
  101  10:22  Medivac x2  
  105  10:43  Marine x2  
  105  10:44  Marine x6  
  113  10:55  Viking x3  
  119  10:58  Viking  
  121  11:20  Orbital Command  
  121  11:24  SCV x2  
  123  11:34  Viking x3  
  123  11:36  Marine  
  123  11:39  Supply Depot  
  118  12:13  Siege Tank  
  100  12:45  Siege Tank  
  87  13:00  Marine x3  
  87  13:01  Marine x6  
  87  13:08  Medivac x2  
  87  13:09  Medivac x2  
  92  13:16  Missile Turret  
  92  13:17  Siege Tank  
  92  13:18  Marine x4, SCV x3  
  92  13:19  Marine x2  
  104  13:30  Supply Depot  
  104  13:32  SCV x3  
  104  13:33  Marine x3  
  110  13:36  Marine x4  
  110  13:41  Marine x2  
  116  13:49  Siege Tank  
  116  13:51  Marine  
  116  13:55  SCV x3  
  123  14:00  Refinery  
  123  14:07  SCV x2  
  125  14:11  Medivac x3  
  125  14:16  Supply Depot  
  131  14:17  Terran Infantry Armor Level 1  
  131  14:21  Armory  
  131  14:25  SCV  
  131  14:26  SCV x2  
  131  14:31  Refinery  
  134  14:43  Marine x2  
  134  14:44  Marine x6  
  142  14:46  Marine  
  142  14:50  Siege Tank  
  142  14:51  SCV  
  147  15:09  Command Center  
  147  15:22  Siege Tank  
  150  15:35  Engineering Bay  
  150  15:37  Supply Depot  
  150  15:38  Marine x5  
  155  15:52  Marine x4  
  155  15:55  Marine, Siege Tank  
  155  15:56  Marine  
  159  16:20  Liberator  
  159  16:21  Liberator x3  
  124  16:33  Marine x3  
  124  16:34  Marine x6  
  124  16:36  Siege Tank  
  148  16:59  Marine  
  148  17:00  Marine x7  
  148  17:01  Marine  
  157  17:03  Liberator x2  
  157  17:04  Liberator x2  
  169  17:31  Marine x3  
  169  17:32  Marine x4  
  176  17:41  Orbital Command  
  176  17:55  Marine x2  
  176  17:56  Marine x4  
  182  18:00  Siege Tank  
  182  18:03  Medivac  
  187  18:15  Marine  
  188  18:41  Marine, Medivac  
  188  18:44  Marine, Medivac  
  178  19:06  Liberator x2  
  178  19:07  Liberator x2  
  168  19:49  Liberator  
  121  20:17  Marine x4  
  121  20:18  Marine x5  
  121  20:19  Siege Tank  
  132  20:21  Medivac x2  
  132  20:22  Medivac  
  132  20:35  Marine  
  124  20:42  Marine  
  124  20:43  Marine x7  
  132  20:51  Siege Tank  
  132  20:53  Marine  
  136  21:00  Marine x2  
  136  21:01  Marine x4  
  139  21:18  Marine x2  
  125  21:36  SCV x2  
  125  21:37  Marine x4, SCV  
  125  21:38  Marine x5  
  137  21:41  Siege Tank  
  137  21:46  Terran Infantry Weapons Level 2, Terran Infantry Armor Level 2  
  140  21:48  SCV, Medivac x2  
  145  21:55  Marine x4  
  145  21:56  Marauder  
  151  22:02  Marine  
  151  22:03  Marine x3  
  155  22:11  Refinery  
  155  22:12  Liberator x4  
  155  22:13  Refinery, Marine x4  
  159  22:18  Marauder  
  159  22:20  Marine x2  
  175  22:31  Marine  
  175  22:32  Marine x5  
  181  22:41  Marine x3  
  184  22:49  Marine x2  
  184  22:50  Marine x2  
  188  23:10  Marine x7  
Tags
 
Add a new tag
Caveats
  • Supply blocks, unpowered buildings, or Contaminate may cause inaccurate times.
  • Supply counts are checked every 10 seconds.